 Dungeon Crawl Stone Soup version 0.30.1-11-g7821555f0a (webtiles) character file.

Game seed: 534974344414776879

129 SacredBeard the Purveyor of Pain (level 4, 0/33 HPs)
             Began as a Demonspawn Necromancer on Nov 4, 2023.
             Was an Initiate of Kikubaaqudgha.
             Slain by a jackal (1 damage)
             ... on level 4 of the Dungeon.
             The game lasted 00:05:36 (2766 turns).

SacredBeard the Purveyor of Pain (DsNe)             Turns: 2766, Time: 00:05:37

Health: 0/33       AC:  2    Str:  8    XL:     4   Next: 88%
Magic:  2/7        EV:  7    Int: 16    God:    Kikubaaqudgha [......]
Gold:   112        SH:  0    Dex: 16    Spells: 6/7 levels left

rFire   . . .        f - +2 hand axe (freeze)
rCold   . . .        (no shield)
rNeg    . . .        a - +0 robe
rPois   .            (no helmet)
rElec   .            (no cloak)
rCorr   .            (no gloves)
SInv    .            (no boots)
Will    .....        (no amulet)
Stlth   ++           (no ring)
HPRegen 0.25/turn    (no ring)
MPRegen 0.10/turn

%: no passive effects
@: held
A: demonic guardian 1, spiny 1
a: Renounce Religion


You were on level 4 of the Dungeon.
You worshipped Kikubaaqudgha.
Kikubaaqudgha was noncommittal.
You visited 1 branch of the dungeon, and saw 4 of its levels.

You collected 164 gold pieces.
You spent 52 gold pieces at shops.

Inventory:

Hand Weapons
 f - a +2 hand axe of freezing (weapon)
Missiles
 o - 10 poisoned darts
Armour
 a - a +0 robe (worn)
 h - a +0 buckler
Wands
 q - a wand of flame (12)
Scrolls
 d - 2 scrolls of fear {unknown}
 e - a scroll of fog {unknown}
 l - a scroll of enchant weapon {unknown}
 p - a scroll of amnesia {unknown}
Potions
 b - a potion of magic
 c - a potion of heal wounds {unknown}
 g - a potion of might {unknown}
 i - a potion of flight {unknown}
 j - 3 potions of lignification {unknown}
 k - 6 potions of curing
 m - a potion of degeneration
 n - 2 potions of resistance {unknown}


   Skills:
 + Level 2.1 Fighting
 + Level 1.8 Armour
 + Level 2.8 Dodging
 - Level 2.0 Stealth
 - Level 2.0 Spellcasting
 - Level 5.0 Necromancy


You had 6 spell levels left.
You knew the following spells:

 Your Spells              Type           Power      Damage    Failure   Level
a - Necrotise             Necr           68%        1d7       2%          1

Your spell library contained the following spells:

 Spells                   Type           Power      Damage    Failure   Level
 Vampiric Draining        Necr           17%        2d7       8%          3
 Animate Dead             Necr           17%        N/A       26%         4
 Agony                    Necr           17%        N/A       58%         5


Dungeon Overview and Level Annotations

Branches:
Dungeon (4/15) Zot: 21222  Temple (0/1) D:4

Altars:
Kikubaaqudgha
Makhleb
Nemelex Xobeh

Shops:
D:3 ![(?:


Innate Abilities, Weirdness & Mutations

A weak demonic guardian rushes to your aid.
You are partially covered in sharp spines.


Message History

HP restored.
Your quasit disappears in a puff of smoke!
Your orc skeleton crumbles into dust!
Your orc skeleton crumbles into dust!
Your orc skeleton crumbles into dust!
A gnoll comes into view. It is wielding a +0 halberd.
A gnoll comes into view. It is wielding a +0 spear.
The gnoll shouts!
You hear a shout!
A gnoll comes into view. It is wielding a +0 flail.
The gnoll writhes in agony.
The gnoll shouts! x2; You hear a shout!
You hear a bark!
A gnoll comes into view. It is wielding a +0 flail.
The gnoll writhes in agony.
The gnoll closely misses you. The gnoll misses you.
The gnoll writhes in agony!
You kill the gnoll!
Kikubaaqudgha accepts your kill.
The dead are walking!
A jackal comes into view.
The gnoll hits you from afar with a +0 halberd.
The gnoll writhes in agony.
The gnoll closely misses you.
A gnoll comes into view. It is wielding a +0 spear.
A jackal comes into view.
The gnoll barely resists.
The gnoll throws a throwing net.
The throwing net hits you.
You become entangled in the net!
The jackal bites your gnoll skeleton.
The gnoll hits you from afar with a +0 halberd.
You are too injured to fight recklessly!
Unknown command.
The gnoll hits you from afar with a +0 halberd!
Your gnoll skeleton closely misses the gnoll.
The gnoll hits you from afar with a +0 halberd.
* * * LOW HITPOINT WARNING * * *
A demonic guardian appears!
Your gnoll skeleton hits the gnoll but does no damage.
You struggle against the net.
The gnoll is struck by your spines. The gnoll hits you with a +0 flail.
* * * LOW HITPOINT WARNING * * *
The gnoll closely misses you. The jackal bites you.
You die...
Kikubaaqudgha rasps: "You have failed me!
Welcome... death!"

.§§.## ..§...#
....).. #.....##
#....))######
#....)?##<..##...
#.#..###...........
.....5##...........
.....hh@g.......###
....Z...g.......#
#....g..........#
#......g..........
...................
...................
..##...........# ..
...........#


You could see 4 gnolls, 2 jackals, a friendly white imp (summoned) and a
friendly gnoll skeleton.

Vanquished Creatures
  An orc wizard (D:3)
  A gnoll (D:4)
  2 adders
  A worm (D:2)
  2 dart slugs
  7 orcs
  2 endoplasms
  2 giant cockroaches (D:3)
  5 goblins
  3 hobgoblins
  2 jackals (D:3)
  4 kobolds
  3 quokkas
  7 ball pythons
  10 bats
  5 frilled lizards
  4 rats
61 creatures vanquished.

Vanquished Creatures (collateral kills)
  A goblin (D:1)
  A kobold (D:1)
2 creatures vanquished.

Grand Total: 63 creatures vanquished

Notes
Turn   | Place    | Note
-------+----------+-------------------------------------------
     0 | D:1      | SacredBeard the Demonspawn Necromancer began the quest for
                  | the Orb.
     0 | D:1      | Reached XP level 1. HP: 13/13 MP: 3/3
   207 | D:1      | Gained mutation: You are partially covered in sharp spines.
                  | [demonic ancestry]
   207 | D:1      | Reached XP level 2. HP: 20/20 MP: 0/5
   681 | D:1      | Gained mutation: A weak demonic guardian rushes to your
                  | aid. [demonic ancestry]
   681 | D:1      | Reached XP level 3. HP: 25/25 MP: 6/6
   752 | D:2      | Reached skill level 1 in Fighting
  1096 | D:2      | Reached skill level 5 in Necromancy
  1102 | D:2      | Reached skill level 1 in Armour
  1464 | D:3      | Found Gitohyj's Weapon Emporium.
  1490 | D:3      | Reached XP level 4. HP: 32/32 MP: 2/7
  1564 | D:3      | Found a burning altar of Makhleb.
  1564 | D:3      | Noticed an Executioner
  1567 | D:3      | Noticed a smoke demon
  1567 | D:3      | Noticed an orange demon
  1586 | D:3      | Found Yxoygiw's Book Boutique.
  1683 | D:3      | Found a sparkling altar of Nemelex Xobeh.
  1882 | D:3      | Found Imyrer's Distillery.
  1910 | D:3      | Bought a potion of degeneration for 13 gold pieces
  1910 | D:3      | Bought a potion of curing for 39 gold pieces
  2223 | D:3      | Found Qecu's Armour Shoppe.
  2283 | D:3      | Found an ancient bone altar of Kikubaaqudgha.
  2290 | D:3      | Became a worshipper of Kikubaaqudgha
  2326 | D:3      | Found Hetoce's Magic Scroll Shoppe.
  2687 | D:4      | Found a staircase to the Ecumenical Temple.
  2766 | D:4      | HP: 1/33 [gnoll/+0 flail (4)]
  2766 | D:4      | Slain by a jackal

Illustrated notes

Levels and vault maps discovered:
D:1:      dpeg_arrival_tiny_b, layout_loops_ring, minmay_tetromino_t4
D:2:      layout_basic
D:3:      layout_basic, mainiacjoe_overflow_paths, makhleb_altar_promises_db,
          nicolae_kikubaaqudgha_miasma_corner, serial_shops,
          nicolae_shop_tiny_real_fake_doors, shop,
          nicolae_shop_industrial_runoff, nicolae_diamond_shop,
          nicolae_shop_rolled_up
D:4:      layout_cave_pools, minmay_temple_entry_purple_smoke,
          ebering_ghost_disaster_area

Skill      XL: |  1  2  3  4 |
---------------+-------------+-----
Stealth        | 2 |  2.0
Dodging        | 2 |  2.8
Fighting       | 1 2 |  2.1
Necromancy     | 5 |  5.0
Armour         | 1 |  1.8
Spellcasting   | |  2.0

Action                     |  1- 3 |  4- 6 || total
---------------------------+-------+-------++-------
  Melee: Unarmed           |     3 |       ||     3
         Hand axe          |    28 |     9 ||    37
         Dagger            |     5 |       ||     5
   Cast: Necrotise         |    35 |    30 ||    65
   Stab: Sleeping          |     5 |     1 ||     6
 Armour: Robe              |     7 |     3 ||    10
  Dodge: Dodged            |    18 |     6 ||    24
